 Dungeon Crawl Stone Soup version 0.26-a0-190-g75a3d40d47 (console) character file.

Game seed: 13157441476679109306

5254 bli the Thaumaturge (level 10, -5/77 HPs)
             Began as a White Draconian Conjurer on July 4, 2020.
             Was a High Priest of Zin.
             Slain by a five-headed hydra (11 damage)
             ... on level 10 of the Dungeon.
             The game lasted 00:41:17 (10623 turns).

bli the Thaumaturge (White Draconian Conjurer)     Turns: 10623, Time: 00:41:17

Health: -5/77      AC: 10    Str:  9    XL:     10   Next: 36%
Magic:  9/23       EV: 14    Int: 20    God:    Zin [*****.]
Gold:   278        SH:  9    Dex: 12    Spells: 17/27 levels left

rFire    . . .     SeeInvis .   b - staff of conjuration
rCold    + + .     Faith    .   P - +0 buckler
rNeg     . . .     Spirit   .   (armour unavailable)
rPois    .         Reflect  +   (helmet restricted)
rElec    .         Harm     .   (no cloak)
rCorr    .                      k - +0 pair of gloves
MR       .....                  O - +1 pair of boots
Stlth    ++........             M - amulet of reflection
HPRegen  0.22/turn              i - ring of protection from cold
MPRegen  0.18/turn              (no ring)

@: short of breath
A: breathe frost, unfitting armour, cold resistance 1, cold-blooded, AC +7
a: Breathe Frost, Recite, Vitalisation, Imprison, Sanctuary, Donate Gold,
Renounce Religion


You were on level 10 of the Dungeon.
You worshipped Zin.
Zin was extremely pleased with you.
You were very hungry.

You visited 2 branches of the dungeon, and saw 11 of its levels.
You also visited: Sewer.

You collected 620 gold pieces.
You donated 342 gold pieces to Zin.

Inventory:

Hand Weapons
 a - a +2 short sword of flaming
 I - a +0 long sword
 R - a +1 hand axe of electrocution
Missiles
 d - 124 arrows
 f - 257 stones (quivered)
 j - 132 sling bullets
 s - 39 poisoned darts
 G - 4 boomerangs
 J - 2 throwing nets
Armour
 k - a +0 pair of gloves (worn)
 L - a +0 kite shield
 O - a +1 pair of boots (worn)
 P - a +0 buckler (worn)
Magical Staves
 b - an uncursed staff of conjuration (weapon)
Jewellery
 i - a ring of protection from cold (left hand)
 q - an uncursed amulet of magic regeneration
 M - an amulet of reflection (around neck)
Wands
 w - a wand of clouds (4)
Scrolls
 c - a scroll of vulnerability {unknown}
 g - 6 scrolls of amnesia
 l - 3 scrolls of enchant weapon {unknown}
 m - 5 scrolls of remove curse
 o - a scroll of immolation {unknown}
 p - 7 scrolls of identify
 t - 9 scrolls of teleportation
 u - 3 scrolls of enchant armour {unknown}
 v - 2 scrolls of blinking {unknown}
 x - a scroll of noise {unknown}
 y - 2 scrolls of fear {unknown}
 A - 2 scrolls of fog {unknown}
 H - a scroll of magic mapping {unknown}
 K - a scroll of summoning {unknown}
 N - a scroll of acquirement {unknown}
Potions
 e - 2 potions of berserk rage {unknown}
 h - 4 potions of brilliance {unknown}
 n - 10 potions of curing {unknown}
 r - 2 potions of ambrosia {unknown}
 z - 5 potions of heal wounds {unknown}
 B - a potion of magic {unknown}
 C - a potion of might {unknown}
 D - a potion of haste {unknown}
 E - a potion of resistance {unknown}
 F - a potion of stabbing {unknown}
Comestibles
 Q - 18 rations


   Skills:
 + Level 3.6 Fighting
 * Level 5.5 Dodging
 + Level 3.9 Stealth
 + Level 2.3 Shields
 + Level 9.4 Spellcasting
 + Level 9.1 Conjurations
 + Level 1.0 Translocations
 + Level 2.3 Invocations


You had 17 spell levels left.
You knew the following spells:

 Your Spells              Type           Power        Failure   Level  Hunger
a - Magic Dart            Conj           ####         1%          1    None
b - Iskenderun's Mystic   Conj/Tloc      #####...     11%         4    ###....
d - Dazzling Flash        Conj/Hex       #####.       4%          3    None
r - Searing Ray           Conj           ######       1%          2    None

Your spell library contained the following spells:

 Spells                   Type           Power        Failure   Level  Hunger
 Animate Skeleton         Necr           N/A          9%          1    None
 Pain                     Necr           #...         9%          1    None
 Fulminant Prism          Conj/Hex       #####.....   14%         4    ###....
 Gell's Gravitas          Tloc           ##........   17%         3    None
 Confusing Touch          Hex            #.......     26%         3    None
 Vampiric Draining        Necr           #.........   26%         3    None
 Animate Dead             Necr           N/A          65%         4    ###....
 Petrify                  Tmut/Erth      #.......     65%         4    ###....
 Agony                    Necr           #.......     94%         5    #####..
 Metabolic Englaciation   Hex/Ice        #.........   94%         5    #####..
 Yara's Violent Unravell  Hex/Tmut       #.........   94%         5    #####..


Dungeon Overview and Level Annotations

Branches:
Dungeon (10/15)            Temple (1/1) D:5           Sewer (visited)
   Lair: D:8-11         Orc: D:9-12

Altars:
Ashenzari
Cheibriados
Dithmenos
Elyvilon
Fedhas
Gozag
Hepliaklqana
Kikubaaqudgha
Makhleb
Nemelex Xobeh
Okawaru
Qazlal
Ru
Sif Muna
Trog
Uskayaw
Vehumet
Wu Jian
Xom
Yredelemnul
Zin
The Shining One

Annotations:
D:6 1 exclusion


Innate Abilities, Weirdness & Mutations

You can breathe waves of freezing cold.
You can buffet flying creatures when you breathe cold.
Your icy white scales are hard. (AC +7)
You cannot fit into any form of body armour.
Your flesh is cold resistant. (rC+)
You are cold-blooded and may be slowed by cold attacks.


Message History

The five-headed hydra barely misses you.
The searing ray hits the five-headed hydra!
The five-headed hydra is almost dead.
You finish channeling your searing ray.
A centaur warrior skeleton comes into view.
The five-headed hydra bites you.
You block the five-headed hydra's attack.
The five-headed hydra bites you but does no damage.
The five-headed hydra bites you.
The five-headed hydra barely misses you.
You hit the five-headed hydra. You tail-slap the five-headed hydra.
The five-headed hydra is almost dead.
The five-headed hydra bites you!
* * * LOW HITPOINT WARNING * * *
The five-headed hydra misses you.
You block the five-headed hydra's attack.
The five-headed hydra bites you!
* * * LOW HITPOINT WARNING * * *
The five-headed hydra bites you!
You die...

.⌠..##.#### ...#.#....#
## ### ...#.....#
...#####..
#)..Z...####..........
##.......##............
#......................
#....................
####..........##.#####..
.......D...............#
####...@...............#
#......#............#
########............#
#...........†#
#............#
##############


You could see a five-headed hydra and a centaur warrior skeleton.

Vanquished Creatures
  A two-headed ogre (D:9)
  4 hippogriffs
  Menkaure (D:7)
  A water moccasin (D:8)
  An ice beast (D:8)
  A hornet zombie (D:4)
  3 black bears
  3 ogres
  4 phantoms
  4 centaurs
  A big kobold (D:7)
  5 bullfrogs
  Blork the orc (D:6)
  3 scorpions
  5 killer bees (D:9)
  4 howler monkeys
  2 quasits
  A bullfrog zombie (D:8)
  3 centaur zombies
  A jelly (D:8)
  2 centaur skeletons
  3 orc priests
  3 hounds
  3 iguanas
  3 bullfrog skeletons
  4 orc wizards
  Ijyb (D:2)
  9 worker ants
  A worker ant zombie (D:7)
  7 gnolls
  11 adders
  2 river rats (D:3)
  2 shadow imps
  6 white imps
  3 ufetubi
  2 adder skeletons (D:8)
  4 worms
  3 leopard geckos
  20 orcs
  5 bats
  6 giant cockroaches
  10 goblins
  11 hobgoblins
  7 jackals
  3 quokkas
  4 ball pythons
  11 frilled lizards
  6 kobolds
  2 quokka skeletons
  11 rats
214 creatures vanquished.

Vanquished Creatures (others)
  A human (D:4)
  A goblin (D:2)
2 creatures vanquished.

Grand Total: 216 creatures vanquished

Notes
Turn   | Place    | Note
-------+----------+-------------------------------------------
     0 | D:1      | bli the Draconian Conjurer began the quest for the Orb.
     0 | D:1      | Reached XP level 1. HP: 14/14 MP: 3/3
   214 | D:1      | Reached XP level 2. HP: 20/20 MP: 2/5
   218 | D:1      | Learned a level 2 spell: Searing Ray
   954 | D:1      | Reached XP level 3. HP: 26/26 MP: 5/7
  1540 | D:2      | Found a faded altar of an unknown god.
  1578 | D:2      | Became a worshipper of Zin the Law-Giver
  1578 | D:2      | Reached * piety under Zin
  1578 | D:2      | Reached ** piety under Zin
  1626 | D:2      | Noticed Ijyb
  1673 | D:2      | Killed Ijyb
  1673 | D:2      | Reached XP level 4. HP: 29/33 MP: 7/9
  1861 | D:2      | Found a snail-covered altar of Cheibriados.
  1991 | D:3      | Reached *** piety under Zin
  1997 | D:3      | Learned a level 4 spell: Iskenderun's Mystic Blast
  2222 | D:3      | Found a glowing drain.
  2237 | Sewer    | Entered a sewer
  2536 | Sewer    | Reached XP level 5. HP: 39/39 MP: 9/11
  2549 | Sewer    | Learned a level 3 spell: Dazzling Flash
  2977 | D:4      | Noticed a phantom
  3021 | D:4      | Killed a phantom
  3038 | D:4      | Noticed a phantom
  3286 | D:4      | Killed a phantom
  3286 | D:4      | Reached skill level 5 in Spellcasting
  3286 | D:4      | Reached skill level 5 in Conjurations
  3286 | D:4      | Reached XP level 6. HP: 40/46 MP: 5/13
  3660 | D:4      | Reached **** piety under Zin
  3700 | D:4      | Found an ancient bone altar of Kikubaaqudgha.
  3700 | D:4      | Noticed a human
  3703 | D:4      | Killed a human
  3783 | D:4      | Reached skill level 1 in Fighting
  3783 | D:4      | Your scales start taking on an icy white colour.
  3783 | D:4      | Reached XP level 7. HP: 17/52 MP: 10/15
  3783 | D:4      | Gained mutation: Your flesh is cold resistant. (rC+) [White
                  | Draconian growth]
  4233 | D:5      | Entered Level 5 of the Dungeon
  4269 | D:5      | Found a staircase to the Ecumenical Temple.
  4734 | D:5      | Reached skill level 1 in Translocations
  5197 | Temple   | Entered the Ecumenical Temple
  5472 | D:6      | Reached XP level 8. HP: 59/59 MP: 12/18
  5629 | D:6      | Noticed Blork the orc
  5633 | D:6      | Killed Blork the orc
  6087 | D:6      | Found a bloodstained altar of Trog.
  6087 | D:6      | Found a shattered altar of Ashenzari.
  6906 | D:7      | Noticed a hippogriff
  6916 | D:7      | Killed a hippogriff
  6916 | D:7      | Reached XP level 9. HP: 36/68 MP: 12/20
  7485 | D:7      | Reached ***** piety under Zin
  7829 | D:7      | Noticed Menkaure
  7838 | D:7      | Killed Menkaure
  9104 | D:8      | Reached skill level 1 in Invocations
  9568 | D:9      | Reached XP level 10. HP: 77/77 MP: 15/23
  9601 | D:9      | Reached skill level 1 in Shields
 10110 | D:9      | Noticed a two-headed ogre
 10119 | D:9      | Killed a two-headed ogre
 10119 | D:9      | Reached skill level 5 in Dodging
 10402 | D:9      | Found a glowing silver altar of Zin.
 10405 | D:9      | Donated 280 gold pieces to Zin
 10574 | D:10     | Entered Level 10 of the Dungeon
 10611 | D:10     | Noticed a five-headed hydra
 10623 | D:10     | Slain by a five-headed hydra

Illustrated notes

Levels and vault maps discovered:
D:1:      sevenhm_arrival_forest_fort_small_6, layout_loops_ring, serial_forest,
          infiniplex_forest_straight_3, infiniplex_forest_clump_C,
          infiniplex_forest_end_2, infiniplex_forest_straight_2,
          infiniplex_forest_clump_double, infiniplex_forest_end_1,
          infiniplex_forest_end_2
D:2:      kennysheep_the_goblin_king, layout_rooms,
          lemuel_coloured_pillars_altar, chequers_ecumenical_altar_simple_redux,
          first_ration
D:3:      layout_basic, portal_sewer_entry_a, kennysheep_boxes, uniq_ijyb
D:4:      layout_basic, tgw_kikubaaqudgha
D:5:      kennysheep_spiral_hall, layout_basic, minmay_temple_entry_stoned_glass
D:6:      layout_basic, gammafunk_temple_overflow_statue, uniq_blork_the_orc
D:7:      layout_basic, uniq_menkaure
D:8:      layout_rooms
D:9:      layout_roguey, zin_statuary
D:10:     layout_basic, erik_lair_dragon, grunt_ogre_cave, minmay_ruined_shrine
Temple:   dpeg_five_rooms_temple

Skill      XL: |  1  2  3  4  5  6  7  8  9 10 |
---------------+-------------------------------+-----
Dodging        | 2 3 4 5 |  5.5
Spellcasting   | 3 4 5 6 7 9 |  9.4
Conjurations   | 5 6 7 9 |  9.1
Fighting       | 1 2 3 |  3.6
Stealth        | 2 3 |  3.9
Translocations | 1 |  1.0
Invocations    | 1 2 |  2.3
Shields        | 2 |  2.3

Action                   |  1- 3 |  4- 6 |  7- 9 | 10-12 || total
-------------------------+-------+-------+-------+-------++-------
Melee: Short sword       |    42 |    38 |    96 |    42 ||   218
       Tailslap          |     3 |     4 |    13 |     7 ||    27
       Staff             |       |       |       |     1 ||     1
Throw: Stone             |       |     5 |       |       ||     5
 Cast: Magic Dart        |    75 |   113 |   241 |    30 ||   459
       Searing Ray       |       |     8 |    47 |     9 ||    64
       Dazzling Flash    |       |       |     1 |       ||     1
Invok: Recite            |       |       |     3 |     1 ||     4
       Donate Gold       |       |       |       |     1 ||     1
 Abil: Breathe Frost     |       |       |       |     1 ||     1
  Use: Scroll            |       |       |     3 |       ||     3
 Stab: Sleeping          |       |       |     1 |       ||     1
  Eat: Chunk             |     2 |     7 |    11 |     2 ||    22
       Ration            |       |       |     2 |       ||     2
Armor: Skin              |    18 |    16 |    64 |    12 ||   110
Dodge: Dodged            |    28 |    32 |   105 |    30 ||   195
Block: Kite shield       |       |       |    13 |    31 ||    44
       Other             |       |       |     5 |       ||     5
       Buckler           |       |       |       |     5 ||     5

Table legend:
 A = Non-vault XP
 B = Vault XP
 C = Vault XP percentage of total XP
 D = Non-vault monster count
 E = Vault monster count
 F = Vault count percentage of total count
                 A         B        C        D         E       F
            +---------+---------+-------+---------+---------+-------
      Total |    7033 |     474 |   6.3 |     179 |      35 |  16.4
            +---------+---------+-------+---------+---------+-------
        D:1 |      43 |       0 |   0.0 |      24 |       0 |   0.0
        D:2 |      21 |      34 |  61.8 |      13 |       6 |  31.6
        D:3 |      30 |      31 |  50.8 |       6 |       6 |  50.0
        D:4 |     658 |       0 |   0.0 |      21 |       0 |   0.0
        D:5 |     500 |      31 |   5.8 |      21 |       4 |  16.0
        D:6 |     978 |      85 |   8.0 |      29 |       1 |   3.3
        D:7 |    1342 |     172 |  11.4 |      27 |       1 |   3.6
        D:8 |     990 |       0 |   0.0 |      15 |       0 |   0.0
        D:9 |    2468 |       0 |   0.0 |      22 |       0 |   0.0
       D:10 |       3 |      80 |  96.4 |       1 |       2 |  66.7
      Sewer |       0 |      41 | 100.0 |       0 |      15 | 100.0
            +---------+---------+-------+---------+---------+-------
